 Dungeon Crawl Stone Soup version 0.17-a0-2158-g6d76252 (webtiles) character file.

170 Hedron the Insei (level 5, -1/36 HPs)
             Began as an Octopode Monk on Oct 25, 2015.
             Slain by an orc
             ... wielding a +0 whip
              (5 damage)
             ... on level 3 of the Dungeon.
             The game lasted 00:04:55 (2111 turns).

Hedron the Insei (Octopode Monk)                    Turns: 2111, Time: 00:04:55

Health: -1/36      AC:  1    Str: 12    XL:     5   Next: 50%
Magic:  5/5        EV: 13    Int: 12    God:
Gold:   56         SH:  0    Dex: 14    Spells: 0 memorised, 4 levels left

rFire  . . .     SeeInvis .       - Unarmed
rCold  . . .     Clarity  .     (no shield)
rNeg   . . .     SustAt   .     (helmet restricted)
rPois  +         Gourm    +     d - amulet of the gourmand
rElec  .         Spirit   .     c - ring of poison resistance
rCorr  .         Warding  .     n - ring of teleportation (curse)
rMut   .         Rnd*Tele +     (no ring)
MR     .....                    (no ring)
Stlth  +++.......               (no ring)
                                (no ring)
                                (no ring)
                                (no ring)

@: not resistant to hostile enchantments, fairly stealthy
A: almost no armour, amphibious, 8 rings, constrict 8, camouflage 1, gelatinous
body 1
a: Evoke Teleportation


You were on level 3 of the Dungeon.
You were very full.

You visited 1 branch of the dungeon, and saw 3 of its levels.

You collected 56 gold pieces.

Inventory:

Missiles
 f - 179 stones (quivered)
Jewellery
 c - a ring of poison resistance (left tentacle)
 d - an amulet of the gourmand (around mantle)
 n - a cursed ring of teleportation (right tentacle)
Wands
 h - a wand of frost (12)
Potions
 b - a potion of might
 e - a potion of brilliance
Comestibles
 a - a bread ration
 g - a meat ration
 k - a beef jerky


   Skills:
 - Level 3.0 Fighting
 - Level 3.0 Dodging
 - Level 2.6 Stealth
 + Level 6.6 Unarmed Combat


You had 4 spell levels left.
You didn't know any spells.

Dungeon Overview and Level Annotations

Branches:
Dungeon (3/15)

Altars:
Vehumet


Innate Abilities, Weirdness & Mutations

You cannot wear most types of armour.
You are amphibious.
You can wear up to eight rings at the same time.
You can use your tentacles to constrict eight enemies at once.
Your skin changes colour to match your surroundings (Stealth).
Your rubbery body absorbs attacks (AC +1).


Message History

The hobgoblin shouts!
The rat bites you.
A hobgoblin comes into view.
The hobgoblin shouts!
Found 3 scrolls labeled AZAKKI TUGU and 3 slices of pizza.
A rat and a worm come into view.
Use which ability?
You fail to use your ability.
The hobgoblin hits you.
* * * LOW HITPOINT WARNING * * *
The rat closely misses you.
A giant cockroach comes into view.
Use which ability?
You fail to use your ability.
The hobgoblin barely misses you. The orc hits you with a whip.
* * * LOW HITPOINT WARNING * * *
The rat closely misses you.
An adder comes into view.
The rat closely misses you. The orc misses you. The orc hits you with a whip.
You die...

#..........
#.....s%..
#........#
###........#
.....S.....#
#...gw...#
#..g.....#
#..o.....#
#.@gr....#
##########


You could see a worm, an adder (wandering), an orc, a giant cockroach
(wandering), 3 hobgoblins and a rat.

Vanquished Creatures
  An orc wizard (D:3)
  An orc priest (D:3)
  Jessica (D:2)
  2 adders (D:2)
  3 worms (D:2)
  A giant gecko (D:1)
  5 orcs (D:3)
  6 bats
  3 giant cockroaches
  4 hobgoblins
  8 jackals
  4 kobolds
  2 quokkas (D:2)
  2 giant newts
  4 goblins
  10 rats
57 creatures vanquished.

Notes
Turn   | Place    | Note
--------------------------------------------------------------
     0 | D:1      | Hedron the Octopode Monk began the quest for the Orb.
     0 | D:1      | Reached XP level 1. HP: 16/16 MP: 1/1
   305 | D:1      | Reached XP level 2. HP: 17/21 MP: 2/2
   992 | D:1      | Reached XP level 3. HP: 22/26 MP: 3/3
  1052 | D:1      | You fall through a shaft!
  1093 | D:2      | Noticed Jessica
  1101 | D:2      | Killed Jessica
  1101 | D:2      | Reached skill level 5 in Unarmed Combat
  1262 | D:2      | Reached XP level 4. HP: 29/31 MP: 4/4
  1776 | D:2      | Found a radiant altar of Vehumet.
  1943 | D:2      | Reached skill level 6 in Unarmed Combat
  1990 | D:3      | Reached XP level 5. HP: 36/36 MP: 5/5
  2111 | D:3      | Slain by an orc

Vault maps used:
D:1:      co_arrival_random_square_maze
D:2:      old_standard_altar, serial_glass, glass_columns_a, glass_columns_c,
          uniq_jessica
D:3:      uniq_iyjb

Action                   |  1- 3 |  4- 6 || total
-------------------------+-------+-------++-------
Melee: Unarmed           |    59 |    62 ||   121
  Use: Scroll            |     1 |     5 ||     6
 Stab: Sleeping          |     9 |     6 ||    15
  Eat: Chunk             |    12 |     4 ||    16
